Map: Whispers of Gold

Players

Cardo - Winner!

  • Race: Terran Terran
  • League: Silver
  • Spawn Location: 5:00

iPlayDefense

  • Race: Terran Terran
  • League: Silver
  • Spawn Location: 9:00

VOD

Have the link to the VOD?

Description

Time

  • Played on: April 13, 2025, 7:14 p.m.
  • Length: 6:32
Show
View Real Time Build Order
Export as new Build Order

Cardo Terran - Winner!

Build Orders:  

Get SALT Encoding   

  12  0:17  Supply Depot  
  12  0:19  SCV  
  13  1:07  Barracks  
  13  1:08  SCV  
  14  1:11  Refinery  
  14  1:13  Refinery  
  14  1:20  SCV  
  16  1:32  SCV  
  16  1:54  Orbital Command  
  16  1:56  Supply Depot, Marine  
  17  2:14  Marine  
  18  2:35  Factory  
  18  2:37  SCV  
  18  2:40  Barracks Tech Lab  
  19  2:49  SCV  
  20  2:57  Engineering Bay  
  20  3:01  SCV, Marine  
  20  3:02  Combat Shield  
  22  3:14  SCV  
  22  3:18  Marine  
  24  3:22  Starport, Factory Tech Lab  
  24  3:26  SCV  
  25  3:36  Marine  
  26  3:47  SCV, Missile Turret  
  26  3:48  Siege Tank  
  30  3:54  Marine  
  31  4:05  Medivac  
  33  4:12  Marine  
  34  4:37  Command Center  
  34  4:43  Siege Tank  
  37  4:46  Medivac  
  39  5:06  Marine  
  40  5:20  Siege Tank  
  43  5:45  Viking  
  45  5:55  Armory  
Show
View Real Time Build Order
Export as new Build Order

iPlayDefense Terran 

Build Orders:  

Get SALT Encoding   

  12  0:00  SCV  
  13  0:15  Supply Depot  
  13  0:18  SCV  
  14  0:26  Refinery  
  14  0:31  SCV  
  15  0:44  Barracks  
  15  0:47  SCV  
  16  1:00  Supply Depot  
  16  1:05  SCV  
  17  1:18  SCV  
  18  1:37  Orbital Command  
  18  1:38  Barracks Reactor  
  18  1:55  Command Center  
  18  2:11  SCV  
  19  2:16  Marine x2  
  21  2:23  SCV  
  22  2:30  Factory  
  22  2:35  SCV  
  23  3:05  Barracks  
  23  3:09  Barracks  
  23  3:10  SCV x2  
  23  3:12  Marine x2  
  27  3:15  Factory Tech Lab  
  27  3:22  SCV x2  
  27  3:24  Supply Depot  
  29  3:30  Marine x2  
  31  3:35  Orbital Command  
  31  3:49  Supply Depot  
  31  3:56  Siege Tank  
  31  4:01  Barracks Tech Lab x2  
  34  4:12  Supply Depot, SCV x2  
  34  4:14  Marine x2  
  38  4:23  Refinery  
  38  4:24  SCV x2  
  40  4:32  Marine x2  
  42  4:38  Supply Depot  
  42  4:42  Supply Depot  
  42  4:49  Starport  
  41  5:01  Supply Depot  
  41  5:10  SCV x2  
  41  5:11  Marine  
  41  5:12  Marine x3  
  41  5:13  Siege Tank  
  50  5:21  Supply Depot  
  50  5:22  SCV x2  
  52  5:29  Refinery  
  52  5:30  Marauder x2  
  52  5:32  Refinery  
  56  5:36  Bunker  
  56  5:48  SCV x2  
  56  5:49  Marine x2  
  60  5:51  Marine x2  
  60  5:53  Starport Reactor  
  62  5:59  Supply Depot  
  62  6:00  SCV  
  62  6:01  SCV  
  64  6:09  Marauder x2  
  68  6:17  Armory  
  65  6:20  Engineering Bay  
Tags
 
Matchup
TvT
Race
Terran
Replay Pack
DaveSC2
Spawn Locations
Cross Positions
Add a new tag
Caveats
  • Supply blocks, unpowered buildings, or Contaminate may cause inaccurate times.
  • Supply counts are checked every 10 seconds.